 Dungeon Crawl Stone Soup version 0.31-a0-198-g2ad674f65e (webtiles) character file.

Game seed: 13581199975572280137

88 qw the Shooter (level 4, -3/25 HPs)
             Began as a Deep Elf Hunter on June 25, 2023.
             Slain by an iguana (9 damage)
             ... on level 5 of the Dungeon.
             The game lasted 00:00:31 (1331 turns).

qw the Shooter (Deep Elf Hunter)                    Turns: 1331, Time: 00:00:31

Health: -3/25      AC:  7    Str: 10    XL:     4   Next: 30%
Magic:  6/6        EV:  9    Int: 14    God:
Gold:   111        SH:  0    Dex: 18    Spells: 3/3 levels left

rFire   . . .        Y - +0 shortbow
rCold   . . .        (shield currently unavailable)
rNeg    . . .        l - +0 scale mail
rPois   .            (no helmet)
rElec   .            f - +0 cloak {Stlth+}
rCorr   .            (no gloves)
SInv    .            (no boots)
Will    .....        (no amulet)
Stlth   ++           (no ring)
HPRegen 0.24/turn    (no ring)
MPRegen 0.10/turn

%: no passive effects
@: no status effects
A: no striking features
a: no special abilities


You were on level 5 of the Dungeon.
You visited 1 branch of the dungeon, and saw 5 of its levels.

You collected 111 gold pieces.


   Skills:
 - Level 1.5 Fighting
 + Level 7.7 Ranged Weapons
 - Level 2.4 Dodging
 - Level 1.2 Stealth


You had 3 spell levels left.
You didn't know any spells.
Your spell library was empty.

Inventory:

Hand Weapons
 Y - a +0 shortbow (weapon)
Armour
 c - a +0 ring mail
 f - a +0 cloak of stealth (worn)
 l - a +0 scale mail (worn)
Jewellery
 e - a ring of fire
Scrolls
 a - a scroll of enchant armour {unknown}
Potions
 b - a potion of curing {unknown}
 d - a potion of heal wounds {unknown}
 g - a potion of resistance {unknown}
 h - a potion of mutation {unknown}
 j - a potion of ambrosia {unknown}

Dungeon Overview and Level Annotations

Branches:
Dungeon (6/15)
 Temple: D:4-7

Altars:
Trog
Uskayaw
Yredelemnul
Zin

Shops:
D:1 [


Message History

Enter note: A sourceless malevolence fills the Dungeon...
You fall into a shaft and drop 3 floors!
The shaft crumbles and collapses.
There is a stone staircase leading up here.
A water moccasin comes into view.
Found a scroll of teleportation and 13 gold pieces.
Waypoint 3 assigned to D:6.
1305 ||| FLEEEEING.
1306 ||| STILL FLEEEEING.
1307 ||| STILL FLEEEEING.
There is a stone staircase leading up here.
1308 ||| STAIRDANCE You climb upwards.
There is a stone staircase leading down here.
Waypoint 4 assigned to D:5.
An iguana comes into view.
The iguana hisses angrily.
You shoot an arrow.
The arrow hits the iguana but does no damage.
You shoot an arrow. The arrow hits the iguana!
The iguana is severely wounded.
You shoot an arrow. The arrow hits the iguana!
You kill the iguana!
You have reached level 4!
You feel clever.
You open the door.
An iguana comes into view.
There is an open door here.
You shoot an arrow. The arrow hits the iguana!
The iguana hisses angrily.
The iguana is heavily wounded.
You shoot an arrow.
The arrow hits the iguana but does no damage.
The iguana is heavily wounded.
The iguana bites you!
You shoot an arrow. The arrow barely misses the iguana.
The iguana bites you. The iguana bites you!
You shoot an arrow. The arrow hits the iguana.
The iguana is severely wounded.
The iguana bites you!
You die...

......# ......# ......#
. ......# .. ########
......# ...##......#
......# ...........#
......# ...........#
.....># ......l....#
......##########@####...
....................%...
........................
.....................###
.................##.##
.................# ...
.............####.. #.#
######.......# #.# ...
#.......# .. #.


You could see an iguana.

Vanquished Creatures
  An iguana (D:5)
  An adder (D:2)
  2 worms (D:2)
  A dart slug (D:2)
  4 ball pythons
  5 bats
  2 endoplasms
  2 goblins
  8 hobgoblins
  5 jackals
  2 kobolds (D:1)
  2 quokkas
  3 frilled lizards
  4 rats
42 creatures vanquished.

Notes
Turn   | Place    | Note
-------+----------+-------------------------------------------
     0 | D:1      | qw the Deep Elf Hunter began the quest for the Orb.
     0 | D:1      | Reached XP level 1. HP: 12/12 MP: 3/3
     0 | D:1      | 0 ||| qw: Version: 0.3-a-22-g0ed2b0b
     0 | D:1      | 0 ||| qw: Game counter: 4947
     0 | D:1      | 0 ||| qw: Melee chars always use a shield: true
     0 | D:1      | 0 ||| qw: God list: Okawaru
     0 | D:1      | 0 ||| qw: Allow faded altars: false
     0 | D:1      | 0 ||| qw: Do Orc after clearing Dungeon:15 true
     0 | D:1      | 0 ||| qw: Do second Lair branch before Depths: true
     0 | D:1      | 0 ||| qw: Lair rune preference: random
     0 | D:1      | 0 ||| qw: Goals: Normal
     0 | D:1      | 0 ||| PLANNING D:1-11
   103 | D:1      | Reached XP level 2. HP: 16/16 MP: 4/4
   105 | D:1      | Reached skill level 6 in Ranged Weapons
   248 | D:1      | Found Yhyu's Armour Shoppe.
   533 | D:1      | 533 ||| UPGRADING to +0 cloak of stealth.
   538 | D:1      | 538 ||| DROPPING scroll of butterflies.
   601 | D:2      | Reached XP level 3. HP: 16/20 MP: 5/5
   812 | D:2      | Reached skill level 7 in Ranged Weapons
   813 | D:2      | Found a glowing silver altar of Zin.
  1127 | D:2      | 1127 ||| UPGRADING to +0 scale mail.
  1137 | D:2      | 1137 ||| DROPPING +0 leather armour.
  1138 | D:2      | 1138 ||| READING scroll labelled REYCAAQYLUSK.
  1141 | D:2      | 1141 ||| READING scroll labelled UNLUNU COGIAM.
  1142 | D:2      | 1142 ||| DRINKING 2 fizzy blue potions.
  1143 | D:2      | 1143 ||| DROPPING potion of brilliance.
  1172 | D:3      | 1172 ||| PLANNING SEWER
  1203 | D:3      | Found a hide-covered altar of Uskayaw.
  1215 | D:3      | Found a basalt altar of Yredelemnul.
  1215 | D:3      | Found a bloodstained altar of Trog.
  1218 | D:3      | Found a glowing silver altar of Zin.
  1301 | D:3      | You fall into a shaft and drop 3 floors!
  1304 | D:6      | Noticed a water moccasin
  1305 | D:6      | 1305 ||| FLEEEEING.
  1308 | D:6      | 1308 ||| STAIRDANCE
  1309 | D:5      | Entered Level 5 of the Dungeon
  1326 | D:5      | Reached XP level 4. HP: 25/25 MP: 6/6
  1330 | D:5      | HP: 6/25 [iguana (7)]
  1331 | D:5      | Slain by an iguana

Levels and vault maps discovered:
D:1:      dpeg_arrival_shelter, layout_loops_ring, serial_shops,
          nicolae_shop_tiny_real_fake_doors
D:2:      layout_loops_ring, basic_altar, nicolae_the_louvre
D:3:      layout_rooms, nicolae_ashenzari_skybound, grunt_temple_overflow_open,
          portal_sewer_entry_e, uniq_terence
D:5:      layout_gridville, mainiacjoe_overflow_small_starburst,
          hangedman_decor_points, nicolae_concentric_dashed_squares_mild,
          minmay_misc_feat_five, uniq_prince_ribbit1
D:6:      layout_cave_pools, mainiacjoe_overflow_six_doors_small,
          nzn_wu_jian_contemplation, minmay_temple_entry_poolview,
          serial_rivers, chequers_serial_rivers_large_b,
          chequers_serial_rivers_micro_b, chequers_serial_rivers_micro_d,
          chequers_serial_rivers_micro_e, chequers_serial_rivers_micro_a,
          chequers_serial_rivers_small_b, grunt_ministairs_15,
          uniq_blork_the_orc

Skill      XL: |  1  2  3 |
---------------+----------+-----
Ranged Weapons | 6 7 |  7.7
Fighting       | |  1.5
Dodging        | |  2.4
Stealth        | |  1.2

Action                     |  1- 3 |  4- 6 || total
---------------------------+-------+-------++-------
   Fire: Shortbow          |   100 |     4 ||   104
    Use: Scroll            |     2 |       ||     2
         Potion            |     1 |       ||     1
 Armour: Leather armour    |     4 |       ||     4
         Scale mail        |     3 |       ||     3
  Dodge: Dodged            |    19 |       ||    19

Table legend:
 A = Non-vault XP
 B = Vault XP
 C = Vault XP percentage of total XP
 D = Non-vault monster count
 E = Vault monster count
 F = Vault count percentage of total count
                 A         B        C        D         E       F
            +---------+---------+-------+---------+---------+-------
      Total |     127 |       0 |   0.0 |      42 |       0 |   0.0
            +---------+---------+-------+---------+---------+-------
        D:1 |      34 |       0 |   0.0 |      20 |       0 |   0.0
        D:2 |      47 |       0 |   0.0 |      15 |       0 |   0.0
        D:3 |       9 |       0 |   0.0 |       6 |       0 |   0.0
        D:5 |      37 |       0 |   0.0 |       1 |       0 |   0.0
            +---------+---------+-------+---------+---------+-------
